cohdb
Replays
Latest Replays
All Replays
Popular Replays
Top Player Replays
Match Explorer
How It Works
Community
CoH3 Stats
Reddit
Sign in to upload your games and track your stats! →
Sign in with Steam
Match 25032958
Unlisted
Match 25032958
Overview
Messages
Build Orders
End
Construct Section Command Post
Vickers Machine Gun Team
Infantry Section
Infantry Section
Selects Air and Sea Battlegroup
Infantry Section
Construct Platoon Command Post
Selects Commando Section Paradrop
Construct Field Infirmary
Commando Section Paradrop
Selects Supply Surplus
Humber Armored Car
Selects Centaur Medium Tank
Centaur Medium Tank
Ranbs
gb_gbg
abs59il
SneaKerz
CemeteryWind
Frajtag
-=StuK=-Wiking
FromBerlin
0
0
Comments
sign in to comment!
No comments posted yet!